TOP OF THE 1ST |
Quincy Doughboys batting - Pitching for Long Beach KO : LHP Salvador Pérez
|
Pitching: LHP Salvador Pérez
|
|
Batting: RHB Marlon Hernández
|
0-0: Ball 1-0: Ball 2-0: Called Strike 2-1: Foul Ball, location: 2F 2-2: Strikes out swinging
|
Batting: RHB Javier Martínez
|
0-0: Called Strike 0-1: Ball 1-1: Fly out, F9 (Flyball, 89S)
|
Batting: RHB Clifton Sturt
|
0-0: Called Strike 0-1: Ball 1-1: Swinging Strike 1-2: Ball 2-2: Ball 3-2: Foul Ball, location: 2F 3-2: Ground out 6-3 (Groundball, 6M)
|
Top of the 1st over - 0 run(s), 0 hit(s), 0 error(s), 0 left on base; Quincy 0 - Long Beach 0 |
BOTTOM OF THE 1ST |
Long Beach KO batting - Pitching for Quincy Doughboys : LHP Alan Baca
|
Pitching: LHP Alan Baca
|
|
Batting: RHB Ben Simpson
|
0-0: Ball 1-0: Called Strike 1-1: Ground out 6-3 (Groundball, 6M)
|
Batting: RHB Robert Stevens
|
0-0: Ball 1-0: Called Strike 1-1: Fly out, F9 (Flyball, 9S)
|
Batting: LHB Walt Brown
|
0-0: Swinging Strike 0-1: Swinging Strike 0-2: Strikes out swinging
|
Bottom of the 1st over - 0 run(s), 0 hit(s), 0 error(s), 0 left on base; Quincy 0 - Long Beach 0 |
TOP OF THE 2ND |
Quincy Doughboys batting - Pitching for Long Beach KO : LHP Salvador Pérez
|
Batting: RHB Ken Sánchez
|
0-0: Ball 1-0: Foul Ball, location: 2F 1-1: Foul Ball, location: 2F 1-2: Ball 2-2: Ball 3-2: SINGLE (Line Drive, 78S)
|
Batting: RHB Miguel Cervantes
|
0-0: Ball 1-0: Foul Ball, location: 2F 1-1: Ball 2-1: Ball 3-1: Foul Ball, location: 2F 3-2: Base on Balls Ken Sánchez to second
|
Batting: RHB Jorge Chávez
|
0-0: Fielders Choice at 2nd, 4-6 (Groundball, 4) Ken Sánchez to third
|
Batting: LHB Marv Gardner
|
0-0: Ball 1-0: Called Strike 1-1: Swinging Strike 1-2: Foul Ball, location: 2F 1-2: Ball 2-2: Strikes out swinging
|
Batting: RHB Joel García
|
0-0: SINGLE (Line Drive, 4MD) Ken Sánchez scores Jorge Chávez to second
|
Batting: LHB Miguel Medellín
|
0-0: Called Strike 0-1: Called Strike 0-2: Ball 1-2: Ball Wild Pitch! Jorge Chávez to third Joel García to second 2-2: Strikes out swinging
|
Top of the 2nd over - 1 run(s), 2 hit(s), 0 error(s), 2 left on base; Quincy 1 - Long Beach 0 |
BOTTOM OF THE 2ND |
Long Beach KO batting - Pitching for Quincy Doughboys : LHP Alan Baca
|
Batting: RHB Kenny Pruitt
|
0-0: Foul Ball, location: 2F 0-1: Ball 1-1: Ball 2-1: Swinging Strike 2-2: Ball 3-2: Strikes out swinging
|
Batting: RHB Juan Rodríguez
|
0-0: Called Strike 0-1: Swinging Strike 0-2: Ball 1-2: Ground out 4-3 (Groundball, 34)
|
Batting: RHB Juan Herrera
|
0-0: Ball 1-0: Ball 2-0: Ball 3-0: Called Strike 3-1: Base on Balls
|
Batting: RHB Francisco López
|
0-0: Foul Ball, location: 2F 0-1: Called Strike 0-2: Ball 1-2: Foul Ball, location: 2F 1-2: Ball 2-2: Foul Ball, location: 2F 2-2: Strikes out swinging wild pitch, reaches first! Juan Herrera to second
|
Batting: RHB Bill Muńóz
|
0-0: Ball 1-0: Foul Ball, location: 2F 1-1: Called Strike 1-2: Strikes out swinging
|
Bottom of the 2nd over - 0 run(s), 0 hit(s), 0 error(s), 2 left on base; Quincy 1 - Long Beach 0 |
TOP OF THE 3RD |
Quincy Doughboys batting - Pitching for Long Beach KO : LHP Salvador Pérez
|
Batting: RHB Marlon Hernández
|
0-0: Ball 1-0: Called Strike 1-1: Foul Ball, location: 2F 1-2: Foul Ball, location: 2F 1-2: Strikes out swinging
|
Batting: RHB Javier Martínez
|
0-0: Ball 1-0: Foul Ball, location: 2F 1-1: Ball 2-1: Ball 3-1: Foul Ball, location: 2F 3-2: Ground out 6-3 (Groundball, 56)
|
Batting: RHB Clifton Sturt
|
0-0: Ball 1-0: Called Strike 1-1: Foul Ball, location: 2F 1-2: Ball 2-2: Fly out, F7 (Flyball, 7LMF)
|
Top of the 3rd over - 0 run(s), 0 hit(s), 0 error(s), 0 left on base; Quincy 1 - Long Beach 0 |
BOTTOM OF THE 3RD |
Long Beach KO batting - Pitching for Quincy Doughboys : LHP Alan Baca
|
Batting: SHB Juan Cervantes
|
0-0: Foul Ball, location: 2F 0-1: Foul Ball, location: 2F 0-2: Fly out, F8 (Flyball, 8LM)
|
Batting: RHB Ben Simpson
|
0-0: Called Strike 0-1: Ball 1-1: Bunt missed! 1-2: Ground out 6-3 (Groundball, 6)
|
Batting: RHB Robert Stevens
|
0-0: SINGLE (Groundball, 6M)
|
Batting: LHB Walt Brown
|
0-0: Called Strike 0-1: Ground out 3-1 (Groundball, 34)
|
Bottom of the 3rd over - 0 run(s), 1 hit(s), 0 error(s), 1 left on base; Quincy 1 - Long Beach 0 |
TOP OF THE 4TH |
Quincy Doughboys batting - Pitching for Long Beach KO : LHP Salvador Pérez
|
Batting: RHB Ken Sánchez
|
0-0: Ball 1-0: Called Strike 1-1: Swinging Strike 1-2: SINGLE (Line Drive, 7LS)
|
Batting: RHB Miguel Cervantes
|
0-0: Ball 1-0: Ball 2-0: Foul Ball, location: 2F 2-1: Foul Ball, location: 2F 2-2: Strikes out swinging
|
Batting: RHB Jorge Chávez
|
0-0: Foul Ball, location: 2F 0-1: Fly out, F8 (Line Drive, 8RM)
|
Batting: LHB Marv Gardner
|
0-0: Ball 1-0: Called Strike 1-1: Foul Ball, location: 2F 1-2: Ball Ken Sánchez steals 2nd base 2-2: Strikes out swinging
|
Top of the 4th over - 0 run(s), 1 hit(s), 0 error(s), 1 left on base; Quincy 1 - Long Beach 0 |
BOTTOM OF THE 4TH |
Long Beach KO batting - Pitching for Quincy Doughboys : LHP Alan Baca
|
Batting: RHB Kenny Pruitt
|
0-0: Called Strike 0-1: Ball 1-1: Ball 2-1: Foul Ball, location: 2F 2-2: Strikes out swinging
|
Batting: RHB Juan Rodríguez
|
0-0: Ball 1-0: Called Strike 1-1: Ball 2-1: Ball 3-1: Base on Balls
|
Batting: RHB Juan Herrera
|
0-0: Ball 1-0: Called Strike 1-1: Fly out, F5 (Popup, 5F)
|
Batting: RHB Francisco López
|
0-0: Ball 1-0: Foul Ball, location: 2F 1-1: Fielders Choice at 2nd, 5-4 (Groundball, 5)
|
Bottom of the 4th over - 0 run(s), 0 hit(s), 0 error(s), 0 left on base; Quincy 1 - Long Beach 0 |
TOP OF THE 5TH |
Quincy Doughboys batting - Pitching for Long Beach KO : LHP Salvador Pérez
|
Batting: RHB Joel García
|
0-0: Called Strike 0-1: Ball 1-1: Called Strike 1-2: Foul Ball, location: 2F 1-2: Ball 2-2: Foul Ball, location: 2F 2-2: Foul Ball, location: 2F 2-2: Foul Ball, location: 2F 2-2: Ground out 6-3 (Groundball, 6)
|
Pitching: RHP Vincent Davis
|
|
Batting: LHB Miguel Medellín
|
0-0: Ball 1-0: SINGLE (Groundball, 5D)
|
Batting: RHB Marlon Hernández
|
0-0: Called Strike 0-1: Ball 1-1: Ball 2-1: Fly out, F8 (Flyball, 8RS)
|
Batting: RHB Javier Martínez
|
0-0: Called Strike 0-1: Ball 1-1: Ball 2-1: Fielders Choice at 2nd, 5-4 (Groundball, 5)
|
Top of the 5th over - 0 run(s), 1 hit(s), 0 error(s), 0 left on base; Quincy 1 - Long Beach 0 |
BOTTOM OF THE 5TH |
Long Beach KO batting - Pitching for Quincy Doughboys : LHP Alan Baca
|
Batting: RHB Bill Muńóz
|
0-0: Called Strike 0-1: Called Strike 0-2: Ball 1-2: Ball 2-2: Foul Ball, location: 2F 2-2: Foul Ball, location: 2F 2-2: Foul Ball, location: 2F 2-2: Foul Ball, location: 2F 2-2: Ball 3-2: Foul Ball, location: 2F 3-2: SINGLE (Line Drive, 4MD)
|
Batting: SHB Juan Cervantes
|
0-0: Ball 1-0: SINGLE (Groundball, 56D) Bill Muńóz to second
|
Batting: RHB Ben Simpson
|
0-0: Ball 1-0: Swinging Strike 1-1: Swinging Strike 1-2: Ball 2-2: Fielders Choice at 2nd, 6-4 (Groundball, 6) Bill Muńóz to third
|
Batting: RHB Robert Stevens
|
0-0: Called Strike 0-1: Ball 1-1: Fly out, F6 (Popup, 8LS)
|
Pitching: LHP Bobby MacGruder
|
|
Batting: LHB Walt Brown
|
0-0: Ball 1-0: DOUBLE (Groundball, 5L) Bill Muńóz scores Ben Simpson to third
|
Batting: RHB Kenny Pruitt
|
0-0: Foul Ball, location: 2F 0-1: Ball Wild Pitch! Ben Simpson scores Walt Brown to third 1-1: Called Strike 1-2: Strikes out swinging
|
Bottom of the 5th over - 2 run(s), 3 hit(s), 0 error(s), 1 left on base; Quincy 1 - Long Beach 2 |
TOP OF THE 6TH |
Quincy Doughboys batting - Pitching for Long Beach KO : RHP Vincent Davis
|
Batting: RHB Clifton Sturt
|
0-0: Ball 1-0: Ball 2-0: Swinging Strike 2-1: Swinging Strike 2-2: Strikes out swinging
|
Batting: RHB Ken Sánchez
|
0-0: Swinging Strike 0-1: SINGLE (Groundball, 6MD)
|
Batting: RHB Miguel Cervantes
|
0-0: Ball 1-0: Ball 2-0: Ball 3-0: Called Strike 3-1: Grounds into double play, 5-4-3 (Groundball, 56)
|
Top of the 6th over - 0 run(s), 1 hit(s), 0 error(s), 0 left on base; Quincy 1 - Long Beach 2 |
BOTTOM OF THE 6TH |
Long Beach KO batting - Pitching for Quincy Doughboys : LHP Bobby MacGruder
|
Batting: RHB Juan Rodríguez
|
0-0: Swinging Strike 0-1: Called Strike 0-2: SINGLE (Line Drive, 9S)
|
Batting: RHB Juan Herrera
|
0-0: Called Strike 0-1: Foul Ball, location: 2F 0-2: Ball 1-2: Hit by Pitch Juan Rodríguez to second
|
Batting: RHB Francisco López
|
0-0: Foul Ball, location: 2F 0-1: Ground out 5-3 (Groundball, 5S) Juan Rodríguez to third Juan Herrera to second
|
Batting: RHB Bill Muńóz
|
0-0: Ball 1-0: Swinging Strike 1-1: Swinging Strike 1-2: Ball 2-2: Strikes out swinging
|
Batting: SHB Juan Cervantes
|
0-0: Foul Ball, location: 2F 0-1: Ball 1-1: Ball 2-1: Ball 3-1: SINGLE (Groundball, 6MD) Juan Rodríguez scores Juan Herrera to third Runner from 3rd tries for Home, SAFE, no throw or cutoff
|
Batting: RHB Ben Simpson
|
0-0: Called Strike 0-1: Ball 1-1: Swinging Strike 1-2: Ground out 4-3 (Groundball, 13)
|
Bottom of the 6th over - 2 run(s), 2 hit(s), 0 error(s), 1 left on base; Quincy 1 - Long Beach 4 |
TOP OF THE 7TH |
Quincy Doughboys batting - Pitching for Long Beach KO : RHP Vincent Davis
|
Batting: RHB Jorge Chávez
|
0-0: Ball 1-0: Ball 2-0: Called Strike 2-1: Foul Ball, location: 2F 2-2: Strikes out swinging
|
Pitching: RHP Will Robinson
|
|
Batting: LHB Marv Gardner
|
0-0: Ball 1-0: Ball 2-0: Ball 3-0: Base on Balls
|
Batting: RHB Joel García
|
0-0: Called Strike 0-1: Foul Ball, location: 2F 0-2: Strikes out swinging
|
Batting: LHB Miguel Medellín
|
0-0: Called Strike 0-1: Ball 1-1: Called Strike 1-2: Strikes out swinging
|
Top of the 7th over - 0 run(s), 0 hit(s), 0 error(s), 1 left on base; Quincy 1 - Long Beach 4 |
BOTTOM OF THE 7TH |
Long Beach KO batting - Pitching for Quincy Doughboys : LHP Bobby MacGruder
|
Batting: RHB Robert Stevens
|
0-0: Fly out, F8 (Flyball, 8LM)
|
Batting: LHB Walt Brown
|
0-0: Ground out U3 (Groundball, 3)
|
Batting: RHB Kenny Pruitt
|
0-0: Swinging Strike 0-1: Foul Ball, location: 2F 0-2: Ball 1-2: Fly out, F8 (Flyball, 8RM)
|
Bottom of the 7th over - 0 run(s), 0 hit(s), 0 error(s), 0 left on base; Quincy 1 - Long Beach 4 |
TOP OF THE 8TH |
Quincy Doughboys batting - Pitching for Long Beach KO : RHP Will Robinson
|
Batting: RHB Marlon Hernández
|
0-0: Ball 1-0: Ball 2-0: Foul Ball, location: 2F 2-1: DOUBLE (Line Drive, 9LD)
|
Pitching: RHP Bret Oliver
|
|
Batting: RHB Javier Martínez
|
0-0: Ground out 6-3 (Groundball, 6)
|
Batting: RHB Clifton Sturt
|
0-0: Foul Ball, location: 2F 0-1: Foul Ball, location: 2F 0-2: SINGLE (Line Drive, 8LS) Marlon Hernández to third Runner from 3rd tries for Home, SAFE, no throw or cutoff
|
Batting: RHB Ken Sánchez
|
0-0: Foul Ball, location: 2F 0-1: Ball 1-1: Fly out, F5 (Line Drive, 56)
|
Batting: RHB Miguel Cervantes
|
0-0: Called Strike 0-1: Ball 1-1: Swinging Strike 1-2: Ball 2-2: Strikes out swinging
|
Top of the 8th over - 1 run(s), 2 hit(s), 0 error(s), 1 left on base; Quincy 2 - Long Beach 4 |
BOTTOM OF THE 8TH |
Long Beach KO batting - Pitching for Quincy Doughboys : LHP Bobby MacGruder
|
Pitching: RHP Miguel Chávez
|
|
Batting: RHB Juan Rodríguez
|
0-0: Ball 1-0: Ball 2-0: Ball 3-0: Called Strike 3-1: Foul Ball, location: 2F 3-2: Strikes out swinging
|
Batting: RHB Juan Herrera
|
0-0: SINGLE (Flyball, 6MD)
|
Batting: RHB Francisco López
|
0-0: Foul Ball, location: 2F 0-1: SINGLE (Groundball, 6MD) Juan Herrera to second
|
Batting: RHB Bill Muńóz
|
0-0: Swinging Strike 0-1: Ball 1-1: Ball 2-1: Ball 3-1: Base on Balls Juan Herrera to third Francisco López to second
|
Batting: SHB Juan Cervantes
|
0-0: Called Strike 0-1: Foul Ball, location: 2F 0-2: Strikes out swinging
|
Batting: RHB Ben Simpson
|
0-0: Swinging Strike 0-1: Ball 1-1: Swinging Strike 1-2: Foul Ball, location: 2F 1-2: Foul Ball, location: 2F 1-2: Ball 2-2: Ball 3-2: Strikes out looking
|
Bottom of the 8th over - 0 run(s), 2 hit(s), 0 error(s), 3 left on base; Quincy 2 - Long Beach 4 |
TOP OF THE 9TH |
Quincy Doughboys batting - Pitching for Long Beach KO : RHP Bret Oliver
|
Pitching: LHP Darren Russell
|
|
Batting: RHB Jorge Chávez
|
0-0: DOUBLE (Groundball, 5L)
|
Pinch Hitting: RHB Orlando Márquez
|
0-0: Called Strike 0-1: Ball 1-1: Ball 2-1: Called Strike 2-2: Ball 3-2: Base on Balls
|
Pinch Hitting: LHB Guillermo Santos
|
0-0: Ball 1-0: Ball 2-0: Called Strike 2-1: Sac Bunt - play at first, batter OUT! 5-4 Jorge Chávez to third Orlando Márquez to second
|
Pinch Hitting: RHB Pedro Sandoval
|
0-0: Ball 1-0: Foul Ball, location: 2F 1-1: Ball 2-1: Ball 3-1: Foul Ball, location: 2F 3-2: Base on Balls
|
Pinch Hitting: RHB Miguel Medina
|
0-0: Fly out, F7 (Flyball, 7S) Runner from 3rd tags up, SCORES, throw made
|
Batting: RHB Javier Martínez
|
0-0: Called Strike 0-1: Ball 1-1: Ball 2-1: Ball 3-1: Base on Balls Orlando Márquez to third Pedro Sandoval to second
|
Pinch Hitting: RHB Ramón Gómez
|
0-0: Fly out, F8 (Flyball, 8RM)
|
Top of the 9th over - 1 run(s), 1 hit(s), 0 error(s), 3 left on base; Quincy 3 - Long Beach 4 |
|